 Dungeon Crawl Stone Soup version 0.18-a0-1435-gee79d65 (webtiles) character file.

9527 Kidiri the Thaumaturge (level 11, -6/61 (62) HPs)
             Began as a Deep Elf Fire Elementalist on Feb 28, 2016.
             Was an Elder of Vehumet.
             Mangled by a gargoyle
             ... wielding a +0 mace
              (15 damage)
             ... on level 11 of the Dungeon.
             The game lasted 01:03:23 (14258 turns).

Kidiri the Thaumaturge (DEFE)                      Turns: 14258, Time: 01:03:23

HP:   -6/61 (62)    AC:  8    Str:  5    XL:     11   Next: 24%
MP:   13/28         EV: 17    Int: 26    God:    Vehumet [****..]
Gold: 424           SH:  0    Dex: 19    Spells: 10 memorised, 2 levels left

rFire  + + .     SeeInvis .     z - staff of fire
rCold  . . .     Gourm    .     a - +0 robe
rNeg   . . .     Faith    .     (no shield)
rPois  +         Spirit   .     q - +0 helmet
rElec  .         Dismiss  .     f - +1 cloak
rCorr  .         Reflect  .     w - +0 pair of gloves
SustAt .         Harm     .     D - +0 pair of boots
MR     +....                    (no amulet)
Stlth  ++++......               g - ring of poison resistance
                                j - +4 ring of dexterity

@: about to teleport, somewhat resistant to hostile enchantments, stealthy
A: clever 1, deterioration 1, fire resistance 1, mutation resistance 1, shaggy
fur 1
a: Renounce Religion


You were on level 11 of the Dungeon.
You worshipped Vehumet.
Vehumet was greatly pleased with you.
You were not hungry.

You visited 2 branches of the dungeon, and saw 12 of its levels.
You also visited: Ossuary.

You collected 424 gold pieces.

Inventory:

Hand Weapons
 t - the +3 short sword "Moukozih" {venom, rC- Str+4 SInv}
   (You found it on level 5 of the Dungeon)

   It poisons the flesh of those it strikes.
   It affects your strength (+4).
   It makes you vulnerable to cold.
   It lets you see invisible.
Armour
 a - a +0 robe (worn)
 d - a +0 hat of magic resistance
 f - a +1 cloak (worn)
 q - a +0 helmet (worn)
 w - a +0 pair of gloves (worn)
 D - a +0 pair of boots (worn)
Magical Staves
 z - an uncursed staff of fire (weapon)
Jewellery
 g - a ring of poison resistance (right hand)
 j - a +4 ring of dexterity (left hand)
 p - an uncursed ring of stealth
Wands
 l - a wand of acid (2/15)
 r - a wand of slowing (3/48)
 F - a wand of iceblast (6/15)
 G - a wand of acid (4/15)
Scrolls
 b - a scroll of fog
 e - 6 scrolls of teleportation
 h - a scroll of fear
 i - a scroll of immolation
 m - 4 scrolls of amnesia
 v - 2 scrolls of noise
 y - 8 scrolls of remove curse
 L - 2 scrolls of random uselessness {unknown}
Potions
 s - 2 potions of flight
 u - a potion of haste
 x - 3 potions of cure mutation
 B - a potion of ambrosia
 C - 3 potions of might
 E - 2 potions of lignification
Comestibles
 c - 9 bread rations
 n - 2 slices of pizza
 H - 8 royal jellies


   Skills:
 + Level 4.6 Fighting
 + Level 7.0 Dodging
 + Level 8.1 Stealth
 * Level 11.1 Spellcasting
 + Level 5.9 Conjurations
 + Level 7.3 Hexes
 + Level 7.0 Fire Magic
 + Level 2.7 Ice Magic
 + Level 2.7 Air Magic
 + Level 3.3 Earth Magic
 + Level 3.4 Poison Magic
 + Level 3.5 Evocations


You had 2 spell levels left.
You knew the following spells:

 Your Spells              Type           Power        Failure   Level  Hunger
a - Flame Tongue          Conj/Fire      #####        1%          1    None
b - Throw Flame           Conj/Fire      ######       1%          2    None
c - Conjure Flame         Conj/Fire      ######..     1%          3    None
d - Inner Flame           Hex/Fire       ######..     1%          3    None
e - Sticky Flame          Conj/Fire      ######..     1%          4    None
f - Fireball              Conj/Fire      ######....   2%          5    ###....
g - Sandblast             Erth           ####..       1%          1    None
h - Static Discharge      Conj/Air       #####...     1%          3    None
i - Throw Icicle          Conj/Ice       ###.....     2%          4    None
j - Olgreb's Toxic Radia  Pois           ####....     3%          4    None


Dungeon Overview and Level Annotations

Branches:
Dungeon (11/15)            Temple (1/1) D:5
   Lair: D:8-11         Orc: D:9-12

Altars:
Ashenzari
Cheibriados
Dithmenos
Elyvilon
Fedhas
Gozag
Kikubaaqudgha
Makhleb
Nemelex Xobeh
Okawaru
Pakellas
Qazlal
Ru
Sif Muna
Trog
Vehumet
Xom
Yredelemnul
Zin
The Shining One


Innate Abilities, Weirdness & Mutations

Your mind is acute. (Int +2)
Your body sometimes deteriorates upon taking damage.
Your flesh is heat resistant.
You are somewhat resistant to further mutation.
You are covered in fur (AC +1).


Message History

The gargoyle hurls a stone arrow at you.
The stone arrow misses you. The iguana bites you.
* * * LOW HITPOINT WARNING * * *
Unknown command.
The kobold completely misses you.
Unknown command.
Read which item? (? for menu, Esc to quit)
As you read the scroll of fear, it crumbles to dust.
You assume a fearsome visage.
The death yak looks frightened!
The iguana looks frightened!
The kobold looks frightened!
The gargoyle is unaffected.
The gargoyle completely misses you.
Unknown command.
Drink which item? (? for menu, Esc to quit)
Okay, then.
Unknown command.
Unknown command.
Read which item? (? for menu, Esc to quit)
As you read the scroll of teleportation, it crumbles to dust.
You feel strangely unstable. The gargoyle hits you with a mace!
You die...

##### #.Y.# ##.#.# ##.l#Y#
### #@..#.# ... ####.9K#§#
# # . #........# # ##..#
#....##..# #
#..#######.#....†##
####.###......#...#.#
#........###....###.#
..##......#.....# #§#
.###..<......#.####l######


You could see a death yak (fleeing), a gargoyle, an iguana (fleeing) and a
kobold (fleeing).

Vanquished Creatures
  Gastronok (D:9)
  The ghost of Fabri the Ogre Mage, a novice OgWz of Gozag (D:6)
  Maurice (D:11)
  A troll (D:9)
  A queen bee (D:9)
  A wyvern (D:9)
  Eustachio (D:5)
  A hippogriff (D:8)
  2 steam dragons
  Duvessa (D:7)
  2 sky beasts (D:7)
  3 ice beasts
  A black bear (D:8)
  3 orc warriors
  A necrophage (D:10)
  2 phantoms
  A centaur (D:6)
  2 crocodiles (D:11)
  7 ogres
  7 giant frogs
  2 big kobolds
  A gnoll sergeant (D:8)
  Dowan (D:7)
  2 water moccasin zombies
  4 scorpions
  18 killer bees
  4 howler monkeys
  3 bog bodies (Ossuary)
  4 giant frog zombies
  3 crimson imps
  3 centaur zombies
  A quasit (D:8)
  3 orc priests
  9 orc wizards
  7 hounds
  A jelly (D:11)
  A centaur skeleton (D:4)
  A giant frog skeleton (D:9)
  Terence (D:3)
  3 iguanas
  7 worker ants
  A killer bee zombie (Ossuary)
  2 hound zombies (Ossuary)
  2 hound skeletons
  6 mummies (Ossuary)
  7 worker ant zombies
  4 howler monkey zombies
  8 gnolls
  10 adders
  3 shadow imps
  2 oozes (D:2)
  4 adder zombies
  2 adder skeletons
  5 worms
  3 dart slugs
  12 giant geckos
  23 orcs
  5 ball pythons
  11 bats
  9 giant cockroaches
  6 goblins
  3 hobgoblins
  9 jackals
  15 kobolds
  4 quokkas
  A giant cockroach zombie (Ossuary)
  A giant gecko skeleton (D:7)
  4 giant gecko zombies
  9 giant newts
  A quokka zombie (Ossuary)
  13 rats
  2 bushes (D:4)
306 creatures vanquished.

Vanquished Creatures (others)
  2 withered plants (Ossuary)
2 creatures vanquished.

Grand Total: 308 creatures vanquished

Notes
Turn   | Place    | Note
--------------------------------------------------------------
     0 | D:1      | Kidiri the Deep Elf Fire Elementalist began the quest for the Orb.
     0 | D:1      | Reached XP level 1. HP: 10/10 MP: 6/6
   239 | D:1      | Reached XP level 2. HP: 15/15 MP: 6/8
   243 | D:1      | Learned a level 2 spell: Throw Flame
   960 | D:2      | Reached XP level 3. HP: 20/20 MP: 2/10
   981 | D:2      | Learned a level 3 spell: Conjure Flame
   985 | D:2      | Learned a level 3 spell: Inner Flame
  1125 | D:2      | Reached skill level 4 in Spellcasting
  1308 | D:2      | Reached skill level 1 in Fighting
  1691 | D:2      | Reached XP level 4. HP: 25/25 MP: 10/12
  1722 | D:2      | Found an iron altar of Okawaru.
  1760 | D:2      | Found a bloodstained altar of Trog.
  2116 | D:3      | Reached skill level 1 in Hexes
  2200 | D:3      | Reached XP level 5. HP: 29/29 MP: 12/14
  2206 | D:3      | Learned a level 4 spell: Sticky Flame
  2229 | D:3      | Noticed Terence
  2247 | D:3      | Killed Terence
  2357 | D:3      | Noticed an ogre
  2362 | D:3      | Killed an ogre
  2362 | D:3      | Reached skill level 5 in Spellcasting
  2616 | D:3      | Reached XP level 6. HP: 26/34 MP: 6/16
  3344 | D:4      | Reached skill level 6 in Spellcasting
  3739 | D:4      | Reached XP level 7. HP: 30/40 MP: 2/18
  3751 | D:4      | Learned a level 5 spell: Fireball
  4618 | D:5      | Entered Level 5 of the Dungeon
  4618 | D:5      | Found a staircase to the Ecumenical Temple.
  4629 | Temple   | Entered the Ecumenical Temple
  4974 | D:5      | Found an ancient bone altar of Kikubaaqudgha.
  5001 | D:5      | Noticed Eustachio
  5408 | D:4      | Reached skill level 7 in Spellcasting
  5758 | D:5      | Killed Eustachio
  5758 | D:5      | Reached XP level 8. HP: 25/45 MP: 9/20
  6007 | D:5      | Found a shattered altar of Ashenzari.
  6018 | D:5      | Found a white marble altar of Elyvilon.
  6021 | D:5      | Reached skill level 5 in Stealth
  6085 | D:5      | Found a radiant altar of Vehumet.
  6085 | D:5      | Found a stormy altar of Qazlal.
  6086 | D:5      | Found a sparkling altar of Nemelex Xobeh.
  6095 | D:5      | Became a worshipper of Vehumet
  6242 | D:5      | Got a warped short sword
  6243 | D:5      | Identified the cursed +3 short sword "Moukozih" {venom, rC- Str+4 SInv} (You found it on level 5 of the Dungeon)
  6302 | D:5      | Reached skill level 5 in Fire Magic
  6521 | D:5      | Noticed a moth of wrath
  6525 | D:5      | Found a bloodstained altar of Trog.
  6949 | D:5      | Found an oddly glowing altar of Pakellas.
  7204 | D:5      | Reached skill level 8 in Spellcasting
  7354 | D:6      | Noticed Fabri's ghost (novice OgWz)
  7579 | D:6      | Reached skill level 5 in Dodging
  7579 | D:6      | Reached skill level 5 in Hexes
  7676 | D:6      | Reached * piety under Vehumet
  7676 | D:6      | Offered knowledge of Sandblast by Vehumet.
  7680 | D:6      | Learned a level 1 spell: Sandblast
  8037 | D:6      | Gained mutation: You are dopey. (Int -2) [potion of mutation]
  8037 | D:6      | Gained mutation: Your body sometimes deteriorates upon taking damage. [potion of mutation]
  8037 | D:6      | Gained mutation: You tend to lose your temper in combat. [potion of mutation]
  8193 | D:6      | Reached XP level 9. HP: 44/51 MP: 19/23
  8296 | D:6      | Lost mutation: You are dopey. (Int -2) [potion of cure mutation]
  8296 | D:6      | Lost mutation: Your body sometimes deteriorates upon taking damage. [potion of cure mutation]
  8296 | D:6      | Lost mutation: You tend to lose your temper in combat. [potion of cure mutation]
  8304 | D:6      | Killed Fabri's ghost
  8304 | D:6      | Reached skill level 9 in Spellcasting
  8908 | D:7      | Gained mutation: You are covered in fur (AC +1). [mutagenic meat]
  8909 | D:7      | Gained mutation: Your body sometimes deteriorates upon taking damage. [mutagenic meat]
  8911 | D:7      | Gained mutation: Your mind is acute. (Int +2) [mutagenic meat]
  8935 | D:7      | Offered knowledge of Sting by Vehumet.
  8938 | D:7      | Learned a level 1 spell: Sting
  8949 | D:7      | Reached ** piety under Vehumet
  8977 | D:7      | Noticed Duvessa
  8977 | D:7      | Noticed Dowan
  9033 | D:7      | Killed Duvessa
  9033 | D:7      | Reached skill level 5 in Conjurations
  9050 | D:7      | Killed Dowan
  9177 | D:7      | Reached skill level 1 in Evocations
  9182 | D:7      | Gained mutation: You are somewhat resistant to further mutation. [mutagenic meat]
  9265 | D:7      | Reached skill level 1 in Poison Magic
  9275 | D:7      | Reached skill level 1 in Earth Magic
 10064 | D:7      | Found a shimmering altar of Xom.
 10270 | D:8      | Offered knowledge of Static Discharge by Vehumet.
 10275 | D:8      | Learned a level 3 spell: Static Discharge
 10411 | D:8      | Reached XP level 10. HP: 56/56 MP: 16/25
 10536 | D:8      | Reached skill level 10 in Spellcasting
 10627 | D:8      | Found a sand-covered staircase.
 10632 | Ossuary  | Entered an ossuary
 10840 | Ossuary  | Reached *** piety under Vehumet
 10962 | Ossuary  | Reached skill level 1 in Air Magic
 11292 | Ossuary  | Offered knowledge of Throw Icicle by Vehumet.
 11298 | Ossuary  | Learned a level 4 spell: Throw Icicle
 11478 | D:8      | Gained mutation: Your flesh is heat resistant. [potion of mutation]
 12143 | D:9      | Reached skill level 1 in Ice Magic
 12180 | D:9      | Reached **** piety under Vehumet
 12537 | D:9      | Found a glowing silver altar of Zin.
 12842 | D:9      | Found a blossoming altar of Fedhas.
 12885 | D:9      | Found a snail-covered altar of Cheibriados.
 12893 | D:9      | Offered knowledge of Olgreb's Toxic Radiance by Vehumet.
 13321 | D:9      | Noticed Gastronok
 13360 | D:9      | Killed Gastronok
 13360 | D:9      | Reached skill level 11 in Spellcasting
 13360 | D:9      | Reached XP level 11. HP: 14/62 MP: 11/28
 13671 | D:9      | Learned a level 4 spell: Olgreb's Toxic Radiance
 13782 | D:10     | Entered Level 10 of the Dungeon
 13782 | D:10     | Noticed a hill giant
 14107 | D:11     | Noticed Maurice
 14124 | D:11     | Killed Maurice
 14204 | D:11     | Noticed a death yak
 14258 | D:11     | Mangled by a gargoyle

Vault maps used:
D:1:      minmay_arrival_doors, minmay_fountain_box
D:2:      lemuel_round_altar, marbit_many_paths, first_bread,
          grunt_decor_mini_mirrors
D:3:      dk_noncrumbling_3, minmay_surrounded, uniq_terence
D:4:      lexackson_kobold_supper
D:5:      minmay_opposing_rooms, kennysheep_little_box, lemuel_doored_altar,
          grunt_temple_overflow_open, minmay_temple_entry_statues_fountains,
          grunt_ministairs_6, hangedman_decor_diamond_cutter, tgw_trog,
          uniq_eustachio
D:6:      gup_sewer_entry_pipe, st_stairs_8
D:7:      basic_altar, uniq_duvessa
D:8:      enter_ossuary_5
D:9:      overflow_temple_1_default, zin_scriptorium, kennysheep_mini_moat,
          david_nohive_1, uniq_gastronok
D:10:     orc_0_dummy
D:11:     dpeg_lair_monsters, nicolae_dithmenos_through_a_glass_darkly,
          uniq_maurice
Temple:   minmay_temple_curvy_8
Ossuary:  ossuary_zaba_flooded

Skill      XL: |  1  2  3  4  5  6  7  8  9 10 11 |
---------------+----------------------------------+-----
Spellcasting   | 4 5 6 7 8 9 11 | 11.1
Stealth        | 3 4 5 6 7 8 |  8.1
Fighting       | 1 2 3 4 |  4.6
Dodging        | 3 4 5 6 7 |  7.0
Hexes          | 1 2 3 5 6 7 |  7.3
Conjurations   | 2 3 4 5 |  5.9
Fire Magic     | 4 5 6 7 |  7.0
Evocations     | 2 3 |  3.5
Poison Magic   | 2 3 |  3.4
Earth Magic    | 1 2 3 |  3.3
Air Magic      | 2 |  2.7
Ice Magic      | 2 |  2.7

Action                   |  1- 3 |  4- 6 |  7- 9 | 10-12 || total
-------------------------+-------+-------+-------+-------++-------
Melee: Dagger            |    12 |     5 |    71 |       ||    88
       Short sword       |       |       |    92 |    24 ||   116
       Staff             |       |       |     6 |    14 ||    20
 Cast: Flame Tongue      |    47 |    53 |   183 |   196 ||   479
       Throw Flame       |    14 |    23 |    44 |    38 ||   119
       Sticky Flame      |       |     4 |    30 |    24 ||    58
       Conjure Flame     |       |     2 |    13 |    21 ||    36
       Inner Flame       |       |     1 |    15 |     8 ||    24
       Fireball          |       |       |     1 |     1 ||     2
       Throw Icicle      |       |       |       |     1 ||     1
  Use: Scroll            |     5 |     1 |    11 |    12 ||    29
       Potion            |       |       |     3 |     8 ||    11
 Stab: Sleeping          |     4 |     1 |     1 |       ||     6
  Eat: Chunk             |     3 |     7 |    17 |     4 ||    31
       Meat ration       |       |       |     2 |     2 ||     4
       Beef jerky        |       |       |     1 |     1 ||     2
